EL
TRENTON THUNDER @ CORPUS CHRISTI HOOKS
08/23/2045
 
TOP OF THE 1ST
Trenton Thunder batting - Pitching for Corpus Christi Hooks : RHP Brian Lynch
Pitching: RHP Brian Lynch
Batting: LHB Aaron Joyner 0-0: Ground out 5-3 (Groundball, 56, EV 101.2 MPH)
Batting: SHB Mukhtar Wa'il 0-0: Called Strike
0-1: SINGLE (Groundball, 34D, EV 95.6 MPH)
Batting: LHB Joel Vera 0-0: Ball
1-0: Foul Ball, location: 2F
1-1: Foul Ball, location: 2F
1-2: Ball
2-2: Foul Ball, location: 2F
2-2: 2-RUN HOME RUN (Flyball, 78XD, EV 96.9 MPH), Distance : 387 ft
Batting: SHB Blake Abbott 0-0: Ball
1-0: Called Strike
1-1: Foul Ball, location: 2F
1-2: Foul Ball, location: 2F
1-2: Strikes out swinging
Batting: RHB Johannes Gutermuth 0-0: Called Strike
0-1: Foul Ball, location: 2F
0-2: Strikes out swinging
Top of the 1st over - 2 runs, 2 hits, 0 errors, 0 left on base; Trenton 2 - Corpus Christi 0
BOTTOM OF THE 1ST
Corpus Christi Hooks batting - Pitching for Trenton Thunder : RHP Tony Black
Pitching: RHP Tony Black
Batting: RHB Paul Shell 0-0: Called Strike
0-1: Swinging Strike
0-2: Foul Ball, location: 2F
0-2: Strikes out looking
Batting: RHB Ben Hoffman 0-0: Called Strike
0-1: Called Strike
0-2: Ball
1-2: Ball
2-2: SINGLE (Groundball, 6MD, EV 108.1 MPH)
Batting: RHB Chris Fitzgerald 0-0: Ball
Ben Hoffman steals 2nd base
1-0: Called Strike
1-1: Swinging Strike
1-2: Ball
2-2: Strikes out swinging
Batting: LHB Sean Trueblood 0-0: Ball
1-0: Ground out 1-3 (Groundball, 13S, EV 68.8 MPH)
Bottom of the 1st over - 0 runs, 1 hit, 0 errors, 1 left on base; Trenton 2 - Corpus Christi 0
TOP OF THE 2ND
Trenton Thunder batting - Pitching for Corpus Christi Hooks : RHP Brian Lynch
Batting: RHB Jose Leal 0-0: Ground out 6-3 (Groundball, 6, EV 95.0 MPH)
Pitching: RHP Mike Chisolm
Batting: RHB Jordan Barragan 0-0: Called Strike
0-1: Ball
1-1: Ball
2-1: Fly out, F5 (Line Drive, 5, EV 69.4 MPH)
Batting: RHB Nick Dunton 0-0: Ball
1-0: Ball
2-0: Ball
3-0: Base on Balls
Batting: RHB Sharafat Khanum 0-0: Ball
1-0: SINGLE (Groundball, 56S, EV 63.1 MPH) (infield hit)
Nick Dunton to second
Batting: LHB Aaron Joyner 0-0: Foul Ball, location: 2F
0-1: Ball
1-1: Called Strike
1-2: Foul Ball, location: 2F
1-2: Ball
2-2: Foul Ball, location: 2F
2-2: Ball
Passed Ball!
Nick Dunton to third
Sharafat Khanum to second
3-2: Foul Ball, location: 2F
3-2: Base on Balls
Pitching: RHP Robin Yelland
Batting: SHB Mukhtar Wa'il 0-0: SINGLE (Groundball, 6MD, EV 98.1 MPH)
Nick Dunton scores
Sharafat Khanum to third
Aaron Joyner to second
Throwing error, E8
Sharafat Khanum scores
Aaron Joyner to third
Mukhtar Wa'il to second
Batting: LHB Joel Vera 0-0: SINGLE (Line Drive, 6D, EV 96.2 MPH)
Aaron Joyner scores
Mukhtar Wa'il to third
Runner from 3rd tries for Home, throw by CF and OUT! 8-2
Top of the 2nd over - 3 runs, 3 hits, 1 error, 1 left on base; Trenton 5 - Corpus Christi 0
BOTTOM OF THE 2ND
Corpus Christi Hooks batting - Pitching for Trenton Thunder : RHP Tony Black
Batting: RHB Ramon Castellon 0-0: Ball
1-0: Foul Ball, location: 2F
1-1: Fly out, F8 (Line Drive, 8RD, EV 93.8 MPH)
Batting: SHB Paskar Adegoke 0-0: Ball
1-0: Called Strike
1-1: Foul Ball, location: 2F
1-2: Ball
2-2: Strikes out looking
Batting: RHB Matt Parker 0-0: Foul Ball, location: 2F
0-1: Called Strike
0-2: Strikes out looking
Bottom of the 2nd over - 0 runs, 0 hits, 0 errors, 0 left on base; Trenton 5 - Corpus Christi 0
TOP OF THE 3RD
Trenton Thunder batting - Pitching for Corpus Christi Hooks : RHP Robin Yelland
Batting: SHB Blake Abbott 0-0: Ball
1-0: Foul Ball, location: 2F
1-1: Ball
2-1: Called Strike
2-2: Ball
3-2: SINGLE (Line Drive, 7LS, EV 93.1 MPH)
Batting: RHB Johannes Gutermuth 0-0: Fly out, F5 (Line Drive, 5, EV 73.1 MPH)
Batting: RHB Jose Leal 0-0: Ball
1-0: Ball
2-0: Ball
3-0: Reached on error, E5 (Groundball, 56, EV 96.2 MPH)
Blake Abbott to second
Batting: RHB Jordan Barragan 0-0: Called Strike
0-1: Ball
1-1: Swinging Strike
1-2: Ball
2-2: Ball
3-2: Foul Ball, location: 2F
3-2: Strikes out swinging
Pitching: RHP Calisto Morda
Batting: RHB Nick Dunton 0-0: Ball
1-0: Called Strike
1-1: Reached on error, E5 (Line Drive, 5, EV 61.9 MPH)
Blake Abbott to third
Jose Leal to second
Batting: RHB Sharafat Khanum 0-0: Called Strike
0-1: Ball
1-1: Swinging Strike
1-2: Ball
2-2: Foul Ball, location: 2F
2-2: Foul Ball, location: 2F
2-2: Foul Ball, location: 2F
2-2: Ball
3-2: Strikes out looking
Top of the 3rd over - 0 runs, 1 hit, 2 errors, 3 left on base; Trenton 5 - Corpus Christi 0
BOTTOM OF THE 3RD
Corpus Christi Hooks batting - Pitching for Trenton Thunder : RHP Tony Black
Batting: LHB Kelvin Jones 0-0: Fly out, F7 (Flyball, 78M, EV 86.2 MPH)
Batting: RHB Steve Moore 0-0: Foul Ball, location: 2F
0-1: Swinging Strike
0-2: Foul Ball, location: 2F
0-2: Ball
1-2: Strikes out swinging
Batting: RHB Paul Shell 0-0: Called Strike
0-1: Ball
1-1: Ball
2-1: Foul Ball, location: 2F
2-2: Strikes out swinging
Bottom of the 3rd over - 0 runs, 0 hits, 0 errors, 0 left on base; Trenton 5 - Corpus Christi 0
TOP OF THE 4TH
Trenton Thunder batting - Pitching for Corpus Christi Hooks : RHP Calisto Morda
Batting: LHB Aaron Joyner 0-0: Ball
1-0: Swinging Strike
1-1: Ball
2-1: Called Strike
2-2: Ball
3-2: Foul Ball, location: 2F
3-2: Base on Balls
Batting: SHB Mukhtar Wa'il 0-0: 2-RUN HOME RUN (Flyball, 89XD, EV 97.5 MPH), Distance : 397 ft
Batting: LHB Joel Vera 0-0: Ball
1-0: Called Strike
1-1: Ball
2-1: Ball
3-1: Base on Balls
Batting: SHB Blake Abbott 0-0: Called Strike
Joel Vera steals 2nd base (no throw)
0-1: Foul Ball, location: 2F
0-2: Fly out, F4 (Flyball, 34D, EV 86.2 MPH)
Batting: RHB Johannes Gutermuth 0-0: Foul Ball, location: 2F
0-1: Foul Ball, location: 2F
0-2: SINGLE (Groundball, 15S, EV 73.8 MPH) (infield hit)
Joel Vera to third
Batting: RHB Jose Leal 0-0: Ball
1-0: Called Strike
1-1: 3-RUN HOME RUN (Line Drive, 78XD, EV 105.6 MPH), Distance : 413 ft
Pitching: RHP Joe Cook
Batting: RHB Jordan Barragan 0-0: Ball
1-0: Foul Ball, location: 2F
1-1: Ball
2-1: Foul Ball, location: 2F
2-2: Foul Ball, location: 2F
2-2: Ball
3-2: Base on Balls
Batting: RHB Nick Dunton 0-0: Ball
1-0: Foul Ball, location: 2F
1-1: 2-RUN HOME RUN (Flyball, 78XD, EV 105.6 MPH), Distance : 392 ft
Batting: RHB Sharafat Khanum 0-0: Called Strike
0-1: Ball
1-1: Called Strike
1-2: Foul Ball, location: 2F
1-2: Ball
2-2: SINGLE (Groundball, 34D, EV 102.5 MPH)
Batting: LHB Aaron Joyner 0-0: Foul Ball, location: 2F
0-1: Ball
Passed Ball!
Sharafat Khanum to second
1-1: Ball
2-1: Swinging Strike
2-2: Ball
Passed Ball!
Sharafat Khanum to third
3-2: Base on Balls
Pitching: LHP Jon Pope
Batting: SHB Mukhtar Wa'il 0-0: SINGLE (Groundball, 6MD, EV 98.8 MPH)
Sharafat Khanum scores
Aaron Joyner to second
Batting: LHB Joel Vera 0-0: Called Strike
0-1: Swinging Strike
0-2: Fielders Choice at 2nd, 1-6 (Groundball, P, EV 67.5 MPH)
Aaron Joyner to third
Batting: SHB Blake Abbott 0-0: Foul Ball, location: 2F
0-1: Ball
1-1: Foul Ball, location: 2F
1-2: Ball
Passed Ball!
Aaron Joyner scores
Joel Vera to second
2-2: 2-RUN HOME RUN (Flyball, 78XD, EV 105.6 MPH), Distance : 392 ft
Batting: RHB Johannes Gutermuth 0-0: Ball
1-0: Fly out, F8 (Flyball, 78D, EV 86.9 MPH)
Top of the 4th over - 11 runs, 7 hits, 0 errors, 0 left on base; Trenton 16 - Corpus Christi 0
BOTTOM OF THE 4TH
Corpus Christi Hooks batting - Pitching for Trenton Thunder : RHP Tony Black
Batting: RHB Ben Hoffman 0-0: Called Strike
0-1: Ball
1-1: Foul Ball, location: 2F
1-2: Strikes out looking
Batting: RHB Chris Fitzgerald 0-0: Ball
1-0: Called Strike
1-1: Foul Ball, location: 2F
1-2: Ball
2-2: Ball
3-2: Strikes out swinging
Batting: LHB Sean Trueblood 0-0: Called Strike
0-1: Ball
1-1: Ball
2-1: Foul Ball, location: 2F
2-2: Foul Ball, location: 2F
2-2: Ground out 5-3 (Groundball, 56S, EV 73.1 MPH)
Bottom of the 4th over - 0 runs, 0 hits, 0 errors, 0 left on base; Trenton 16 - Corpus Christi 0
TOP OF THE 5TH
Trenton Thunder batting - Pitching for Corpus Christi Hooks : LHP Jon Pope
Batting: RHB Jose Leal 0-0: Ball
1-0: Called Strike
1-1: Ball
2-1: Called Strike
2-2: Foul Ball, location: 2F
2-2: Strikes out swinging
Batting: RHB Jordan Barragan 0-0: Ball
1-0: Called Strike
1-1: Ball
2-1: Ball
3-1: Base on Balls
Pitching: LHP Aaron Gilmore
Batting: RHB Nick Dunton 0-0: Ball
1-0: Fielders Choice at 2nd, 4-6 (Groundball, 4, EV 80.0 MPH)
Batting: RHB Sharafat Khanum 0-0: Ball
1-0: Foul Ball, location: 2F
1-1: Ball
2-1: Ball
3-1: Base on Balls
Nick Dunton to second
Batting: LHB Aaron Joyner 0-0: Ball
Passed Ball!
Nick Dunton to third
Sharafat Khanum to second
1-0: Ball
2-0: Called Strike
2-1: Swinging Strike
2-2: Strikes out swinging
Top of the 5th over - 0 runs, 0 hits, 0 errors, 2 left on base; Trenton 16 - Corpus Christi 0
BOTTOM OF THE 5TH
Corpus Christi Hooks batting - Pitching for Trenton Thunder : RHP Tony Black
Batting: RHB Ramon Castellon 0-0: SINGLE (Line Drive, 89S, EV 88.8 MPH)
Batting: SHB Paskar Adegoke 0-0: Called Strike
0-1: Swinging Strike
0-2: Ball
1-2: Ball
2-2: Strikes out looking
Batting: RHB Matt Parker 0-0: Ball
1-0: Foul Ball, location: 2F
1-1: Ball
2-1: Ball
3-1: Swinging Strike
3-2: Foul Ball, location: 2F
3-2: Strikes out swinging
Batting: LHB Kelvin Jones 0-0: Ball
1-0: Ball
2-0: SINGLE (Groundball, 34D, EV 94.4 MPH)
Ramon Castellon to second
Batting: RHB Steve Moore 0-0: Called Strike
0-1: Swinging Strike
0-2: Ball
1-2: Strikes out swinging
Bottom of the 5th over - 0 runs, 2 hits, 0 errors, 2 left on base; Trenton 16 - Corpus Christi 0
TOP OF THE 6TH
Trenton Thunder batting - Pitching for Corpus Christi Hooks : LHP Aaron Gilmore
Batting: SHB Mukhtar Wa'il 0-0: Ball
1-0: Ball
2-0: Foul Ball, location: 2F
2-1: Foul Ball, location: 2F
2-2: Hit by Pitch
Batting: LHB Joel Vera 0-0: Swinging Strike
0-1: SINGLE (Line Drive, 8LS, EV 95.6 MPH)
Mukhtar Wa'il to second
Pitching: RHP Manny Bonilla
Batting: SHB Blake Abbott 0-0: Ball
Passed Ball!
Mukhtar Wa'il to third
Joel Vera to second
1-0: Ground out 5-3 (Groundball, 5, EV 88.1 MPH)
Batting: RHB Johannes Gutermuth 0-0: Ball
1-0: Ball
2-0: Ball
Wild Pitch!
Mukhtar Wa'il scores
Joel Vera to third
3-0: Called Strike
3-1: Base on Balls
Batting: RHB Jose Leal 0-0: Foul Ball, location: 2F
0-1: Ball
1-1: Foul Ball, location: 2F
1-2: SINGLE (Groundball, 15S, EV 71.2 MPH) (infield hit)
Johannes Gutermuth to second
Batting: RHB Jordan Barragan 0-0: Ball
1-0: Fly out, F2 (Popup, 23F, EV 90.0 MPH)
Batting: RHB Nick Dunton 0-0: Ball
1-0: Fielders Choice at 2nd, 6-4 (Groundball, 6, EV 81.2 MPH)
Top of the 6th over - 1 run, 2 hits, 0 errors, 3 left on base; Trenton 17 - Corpus Christi 0
BOTTOM OF THE 6TH
Corpus Christi Hooks batting - Pitching for Trenton Thunder : RHP Tony Black
Batting: RHB Paul Shell 0-0: Ball
1-0: Ball
2-0: Called Strike
2-1: Called Strike
2-2: Ball
3-2: Foul Ball, location: 2F
3-2: Base on Balls
Batting: RHB Ben Hoffman 0-0: Foul Ball, location: 2F
0-1: Foul Ball, location: 2F
0-2: Ball
1-2: Ball
2-2: Ball
3-2: Strikes out swinging
Batting: RHB Chris Fitzgerald 0-0: Called Strike
0-1: Swinging Strike
0-2: Ball
1-2: Ball
2-2: Ball
Paul Shell steals 2nd base (no throw)
3-2: Foul Ball, location: 2F
3-2: Foul Ball, location: 2F
3-2: SINGLE (Line Drive, 8LM, EV 95.6 MPH)
Paul Shell to third
Pitching: RHP Willie Servin
Batting: LHB Sean Trueblood 0-0: Ball
1-0: Fly out, F2 (Popup, 13S, EV 90.0 MPH)
Batting: RHB Ramon Castellon 0-0: Ball
1-0: DOUBLE (Flyball, 7LD, EV 110.6 MPH)
Paul Shell scores
Chris Fitzgerald to third
Batting: SHB Paskar Adegoke 0-0: Swinging Strike
0-1: Ball
1-1: Ball
2-1: Ground out 4-3 (Groundball, 4S, EV 85.0 MPH)
Bottom of the 6th over - 1 run, 2 hits, 0 errors, 2 left on base; Trenton 17 - Corpus Christi 1
TOP OF THE 7TH
Trenton Thunder batting - Pitching for Corpus Christi Hooks : RHP Manny Bonilla
Batting: RHB Sharafat Khanum 0-0: Reached on error, E4 (Groundball, 4, EV 90.6 MPH)
Batting: LHB Aaron Joyner 0-0: Ball
1-0: Foul Ball, location: 2F
1-1: Reached on error, E5 (Groundball, 5S, EV 66.2 MPH)
Sharafat Khanum to second
Pitching: RHP Elroy Meulenkamp
Batting: SHB Mukhtar Wa'il 0-0: Called Strike
0-1: Ball
1-1: Ball
2-1: Grounds into double play, 4-6-3 (Groundball, 4, EV 108.8 MPH)
Sharafat Khanum to third
Batting: LHB Joel Vera 0-0: Ball
1-0: SINGLE (Flyball, 7LS, EV 86.2 MPH)
Sharafat Khanum scores
Batting: SHB Blake Abbott 0-0: 2-RUN HOME RUN (Flyball, 9LD, EV 91.9 MPH), Distance : 325 ft
Batting: RHB Johannes Gutermuth 0-0: Swinging Strike
0-1: Ball
1-1: Ball
2-1: Foul Ball, location: 2F
2-2: Ball
3-2: TRIPLE (Flyball, 78XD, EV 96.2 MPH)
Batting: RHB Jose Leal 0-0: Ball
1-0: Ball
Passed Ball!
Johannes Gutermuth scores
2-0: Foul Ball, location: 2F
2-1: Foul Ball, location: 2F
2-2: Strikes out swinging
Top of the 7th over - 4 runs, 3 hits, 2 errors, 0 left on base; Trenton 21 - Corpus Christi 1
BOTTOM OF THE 7TH
Corpus Christi Hooks batting - Pitching for Trenton Thunder : RHP Willie Servin
Batting: RHB Matt Parker 0-0: Called Strike
0-1: Swinging Strike
0-2: Strikes out looking
Batting: LHB Kelvin Jones 0-0: Called Strike
0-1: Ball
1-1: Foul Ball, location: 2F
1-2: Ball
2-2: Strikes out looking
Batting: RHB Steve Moore 0-0: Called Strike
0-1: Ball
1-1: Ball
2-1: Ball
3-1: Base on Balls
Batting: RHB Paul Shell 0-0: Called Strike
0-1: Ball
1-1: Ground out 5-3 (Groundball, 56S, EV 82.5 MPH)
Bottom of the 7th over - 0 runs, 0 hits, 0 errors, 1 left on base; Trenton 21 - Corpus Christi 1
TOP OF THE 8TH
Trenton Thunder batting - Pitching for Corpus Christi Hooks : RHP Elroy Meulenkamp
Pitching: RHP Isaiah McLaurin
Batting: RHB Jordan Barragan 0-0: Called Strike
0-1: Ball
1-1: Reached on error, E4 (Groundball, 4S, EV 65.6 MPH)
Batting: RHB Nick Dunton 0-0: Foul Ball, location: 2F
0-1: Ball
1-1: Foul Ball, location: 2F
1-2: Strikes out swinging
Batting: RHB Sharafat Khanum 0-0: Ball
Passed Ball!
Jordan Barragan to third
1-0: Ground out 5-3 (Groundball, 56, EV 103.8 MPH)
Jordan Barragan scores
Batting: LHB Aaron Joyner 0-0: Called Strike
0-1: Ball
1-1: Ball
2-1: Ball
3-1: Called Strike
3-2: Base on Balls
Pinch Hitting: LHB Mike DiNardo 0-0: Called Strike
0-1: Ball
1-1: Fly out, F8 (Flyball, 8LM, EV 86.2 MPH)
Top of the 8th over - 1 run, 0 hits, 1 error, 1 left on base; Trenton 22 - Corpus Christi 1
BOTTOM OF THE 8TH
Corpus Christi Hooks batting - Pitching for Trenton Thunder : RHP Willie Servin
Now at 1B: Mike DiNardo
Batting: RHB Ben Hoffman 0-0: Called Strike
0-1: Swinging Strike
0-2: Ball
1-2: Strikes out swinging
Batting: RHB Chris Fitzgerald 0-0: Foul Ball, location: 2F
0-1: Fly out, F6 (Flyball, 5D, EV 95.6 MPH)
Batting: LHB Sean Trueblood 0-0: Called Strike
0-1: Ball
1-1: Ball
2-1: Foul Ball, location: 2F
2-2: Foul Ball, location: 2F
2-2: Foul Ball, location: 2F
2-2: Strikes out looking
Bottom of the 8th over - 0 runs, 0 hits, 0 errors, 0 left on base; Trenton 22 - Corpus Christi 1
TOP OF THE 9TH
Trenton Thunder batting - Pitching for Corpus Christi Hooks : RHP Isaiah McLaurin
Batting: LHB Joel Vera 0-0: Ball
1-0: Ball
2-0: Ball
3-0: Base on Balls
Batting: SHB Blake Abbott 0-0: Ball
Passed Ball!
Joel Vera to second
1-0: Ball
2-0: Ball
3-0: Called Strike
3-1: Base on Balls
Batting: RHB Johannes Gutermuth 0-0: DOUBLE (Line Drive, 78D, EV 109.4 MPH)
Joel Vera scores
Blake Abbott to third
Batting: RHB Jose Leal 0-0: Called Strike
0-1: Ball
1-1: Swinging Strike
1-2: Strikes out swinging
Batting: RHB Jordan Barragan 0-0: Ball
Passed Ball!
Blake Abbott scores
Johannes Gutermuth to third
1-0: Foul Ball, location: 2F
1-1: Ball
2-1: Ball
Passed Ball!
Johannes Gutermuth scores
3-1: Foul Ball, location: 2F
3-2: Fly out, F9 (Flyball, 89M, EV 90.6 MPH)
Batting: RHB Nick Dunton 0-0: Called Strike
0-1: Ball
1-1: Called Strike
1-2: Strikes out swinging
Top of the 9th over - 3 runs, 1 hit, 0 errors, 0 left on base; Trenton 25 - Corpus Christi 1
BOTTOM OF THE 9TH
Corpus Christi Hooks batting - Pitching for Trenton Thunder : RHP Willie Servin
Batting: RHB Ramon Castellon 0-0: Called Strike
0-1: Foul Ball, location: 2F
0-2: SINGLE (Groundball, 56D, EV 103.8 MPH)
Pitching: RHP Vince DeFord
Batting: SHB Paskar Adegoke 0-0: Called Strike
0-1: Ball
1-1: Ball
2-1: Ball
3-1: Base on Balls
Ramon Castellon to second
Batting: RHB Matt Parker 0-0: Called Strike
0-1: Ball
1-1: Swinging Strike
1-2: Strikes out swinging
Batting: LHB Kelvin Jones 0-0: Called Strike
0-1: Ball
1-1: Ball
2-1: Called Strike
2-2: Ball
3-2: Foul Ball, location: 2F
3-2: Foul Ball, location: 2F
3-2: Foul Ball, location: 2F
3-2: Base on Balls
Ramon Castellon to third
Paskar Adegoke to second
Batting: RHB Steve Moore 0-0: Foul Ball, location: 2F
0-1: Swinging Strike
0-2: Foul Ball, location: 2F
0-2: Ball
1-2: Strikes out swinging
Batting: RHB Paul Shell 0-0: Ball
1-0: Ball
2-0: Ball
Wild Pitch!
Ramon Castellon scores
Paskar Adegoke to third
Kelvin Jones to second
3-0: Called Strike
3-1: Base on Balls
Batting: RHB Ben Hoffman 0-0: Called Strike
0-1: Swinging Strike
0-2: Ball
1-2: Foul Ball, location: 2F
1-2: Ball
2-2: Strikes out swinging
Bottom of the 9th over - 1 run, 1 hit, 0 errors, 3 left on base; Trenton 25 - Corpus Christi 2
Wednesday, June 22nd , 2022 - OOTP Baseball 23.4 Build 64